 Dungeon Crawl Stone Soup version 0.18.1-6-gd335043 (webtiles) character file.

6863 mistymad the Cleaver (level 10, -23/93 HPs)
             Began as a Minotaur Berserker on May 19, 2016.
             Was a High Priest of Trog.
             Annihilated by a komodo dragon (26 damage)
             ... on level 1 of the Lair of Beasts.
             The game lasted 00:22:35 (9960 turns).

mistymad the Cleaver (Minotaur Berserker)           Turns: 9960, Time: 00:22:35

Health: -23/93     AC: 11    Str: 23    XL:     10   Next: 78%
Magic:  9/9        EV: 14    Int:  4    God:    Trog [*****.]
Gold:   503        SH: 10    Dex: 12    Spells: 0 memorised, 9 levels left

rFire  . . .     SeeInvis .     f - +1 hand axe (pain)
rCold  + + .     Gourm    .     K - +2 leather armour {rC+}
rNeg   + . .     Faith    .     Q - +0 shield
rPois  +         Spirit   .     (helmet restricted)
rElec  .         Dismiss  .     b - +2 cloak {rPois}
rCorr  .         Reflect  .     D - +0 pair of gloves
SustAt .         Harm     .     (no boots)
MR     ++...                    i - amulet of rage
Stlth  +.........               O - ring of positive energy
                                r - ring of protection from cold

@: regenerating, very resistant to hostile enchantments, very unstealthy
A: retaliatory headbutt, horns 2
a: Berserk, Trog's Hand, Brothers in Arms, Burn Spellbooks, Renounce Religion,
Evoke Berserk Rage


You were on level 1 of the Lair of Beasts.
You worshipped Trog.
Trog was extremely pleased with you.
You were very hungry.

You visited 3 branches of the dungeon, and saw 11 of its levels.
You also visited: Sewer.

You collected 503 gold pieces.

Inventory:

Hand Weapons
 f - a +1 hand axe of pain (weapon)
Armour
 b - a +2 cloak of poison resistance (worn)
 D - a +0 pair of gloves (worn)
 K - a +2 leather armour of cold resistance (worn)
 Q - a +0 shield (worn)
Jewellery
 i - an amulet of rage (around neck)
 r - a ring of protection from cold (left hand)
 O - a ring of positive energy (right hand)
Wands
 a - a wand of slowing (16/48)
 u - a wand of confusion (18/48)
 H - a wand of iceblast (5/15)
Scrolls
 d - 3 scrolls of recharging {unknown}
 g - 9 scrolls of teleportation {unknown}
 h - 3 scrolls of amnesia {unknown}
 l - 3 scrolls of enchant weapon {unknown}
 n - 5 scrolls of magic mapping {unknown}
 q - 5 scrolls of remove curse {unknown}
 t - 12 scrolls of identify {unknown}
 x - 5 scrolls of blinking {unknown}
 y - a scroll of fear {unknown}
 G - 2 scrolls of enchant armour {unknown}
 M - a scroll of random uselessness {unknown}
 N - 2 scrolls of immolation {unknown}
Potions
 e - 12 potions of curing {unknown}
 k - 6 potions of heal wounds {unknown}
 p - a potion of haste
 s - a potion of mutation {unknown}
 z - 2 potions of lignification {unknown}
 A - 4 potions of might
 B - a potion of magic {unknown}
 C - 3 potions of brilliance {unknown}
 E - 2 potions of flight {unknown}
 F - 3 potions of agility {unknown}
 J - a potion of resistance {unknown}
 L - 2 potions of invisibility {unknown}
Comestibles
 c - 11 bread rations
 j - 9 beef jerkies
 m - 10 fruits
 o - 7 meat rations
 v - a royal jelly
 w - 2 slices of pizza


   Skills:
 + Level 10.1 Fighting
 + Level 10.2 Axes
 + Level 9.5 Armour
 + Level 9.0 Dodging
 + Level 6.1 Shields


You had 9 spell levels left.
You didn't know any spells.

Dungeon Overview and Level Annotations

Branches:
Dungeon (9/15)             Temple (1/1) D:4            Lair (1/8) D:9
    Orc (0/2) D:9

Altars:
Ashenzari
Cheibriados
Dithmenos
Elyvilon
Fedhas
Gozag
Kikubaaqudgha
Makhleb
Nemelex Xobeh
Okawaru
Pakellas
Qazlal
Ru
Sif Muna
Trog
Vehumet
Xom
Yredelemnul
Zin
The Shining One

Annotations:
D:3 Blork the orc


Innate Abilities, Weirdness & Mutations

You reflexively headbutt those who attack you in melee.
You have a pair of horns on your head.


Message History

Your skin crawls.
You feel resistant to hostile enchantments.
You feel slightly more hungry. The komodo dragon bites you!
* * * LOW HITPOINT WARNING * * *
Your shield prevents you from hitting the komodo dragon.
The komodo dragon is moderately wounded.
The komodo dragon bites you!
* * * LOW HITPOINT WARNING * * *
You hit the komodo dragon.
The komodo dragon is moderately wounded.
The komodo dragon misses you. You furiously retaliate!
You headbutt the komodo dragon, but do no damage.
You hit the komodo dragon. You headbutt the komodo dragon.
The komodo dragon is heavily wounded.
The komodo dragon bites you!
* * * LOW HITPOINT WARNING * * *
You completely miss the komodo dragon.
The komodo dragon is heavily wounded.
The komodo dragon bites you!!
You die...

....####.......#
.##..#.......###
.###.......###
.# ##....### ##
##...# # #...##
# ##...##### #
##.......####
#.........l@#
#.........####
#..#.......##
#..##........#
#..##.[.......#
..# #.........#
##........#
#........P#
#.........#


You could see a komodo dragon.

Vanquished Creatures
  A rime drake (Lair:1)
  Grinder (D:5)
  A wyvern (D:8)
  10 yaks
  A hungry ghost (D:8)
  A hippogriff (D:8)
  2 water moccasins
  Duvessa (D:5)
  A black bear (D:9)
  A swamp drake (D:9)
  A wasp (D:8)
  An ice beast (D:7)
  3 orc warriors
  4 phantoms
  A sky beast (D:5)
  An eye of draining (D:6)
  4 ogres
  4 centaurs
  3 giant frogs
  Dowan (D:5)
  A water moccasin zombie (D:7)
  A wyvern skeleton (D:8)
  5 scorpions
  4 killer bees (D:8)
  5 wights (D:6)
  3 howler monkeys
  3 crimson imps
  A giant frog zombie (D:5)
  A quasit (D:6)
  2 hounds
  Crazy Yiuf (D:3)
  5 orc priests
  4 jellies
  2 iguanas
  4 orc wizards
  3 worker ants
  A hound zombie (D:8)
  A worker ant zombie (D:5)
  8 gnolls
  A howler monkey skeleton (D:8)
  23 adders
  3 river rats (Sewer)
  2 shadow imps
  2 oozes
  An adder zombie (D:6)
  2 adder skeletons
  3 worms
  2 dart slugs (D:2)
  8 giant geckos
  29 orcs
  6 giant cockroaches
  5 goblins
  4 hobgoblins
  18 jackals
  4 quokkas
  13 ball pythons
  11 bats
  A giant gecko zombie (D:8)
  13 giant newts
  2 jackal skeletons
  12 kobolds
  31 rats
  A bush (D:1)
  2 fungi (D:9)
297 creatures vanquished.

Vanquished Creatures (others)
  An orc (D:9)
1 creature vanquished.

Grand Total: 298 creatures vanquished

Notes
Turn   | Place    | Note
--------------------------------------------------------------
     0 | D:1      | mistymad the Minotaur Berserker began the quest for the Orb.
     0 | D:1      | Reached XP level 1. HP: 19/19 MP: 0/0
   234 | D:1      | Reached XP level 2. HP: 17/27 MP: 1/1
   739 | D:1      | Reached ** piety under Trog
   739 | D:1      | Reached XP level 3. HP: 30/33 MP: 2/2
  1755 | D:2      | Reached XP level 4. HP: 41/41 MP: 3/3
  1900 | D:2      | Found a faded altar to an unknown god.
  2425 | D:3      | Found a sacrificial altar of Ru.
  2456 | D:3      | Noticed Crazy Yiuf
  2462 | D:3      | Killed Crazy Yiuf
  2462 | D:3      | Reached XP level 5. HP: 32/47 MP: 4/4
  2577 | D:3      | Reached *** piety under Trog
  2577 | D:3      | Reached skill level 5 in Axes
  2639 | D:3      | Found a glowing drain.
  2641 | D:3      | Reached skill level 5 in Fighting
  2668 | Sewer    | Entered a sewer
  2996 | Sewer    | Reached **** piety under Trog
  3015 | Sewer    | Reached XP level 6. HP: 38/56 MP: 5/5
  3750 | D:3      | Noticed Blork the orc
  3760 | D:3      | Found a deep blue altar of Sif Muna.
  3812 | D:3      | Reached XP level 7. HP: 51/62 MP: 6/6
  4319 | D:4      | Reached skill level 5 in Armour
  4364 | D:4      | Found a staircase to the Ecumenical Temple.
  4369 | Temple   | Entered the Ecumenical Temple
  4795 | D:4      | Found a glowing golden altar of the Shining One.
  5190 | D:5      | Entered Level 5 of the Dungeon
  5363 | D:5      | Reached skill level 5 in Dodging
  5466 | D:5      | Noticed Grinder
  5472 | D:5      | Killed Grinder
  5507 | D:5      | Reached XP level 8. HP: 69/71 MP: 7/7
  5622 | D:5      | Noticed Duvessa
  5622 | D:5      | Noticed Dowan
  5632 | D:5      | Killed Duvessa
  5646 | D:5      | Killed Dowan
  6283 | D:6      | Found a bloodstained altar of Trog.
  6577 | D:6      | Reached XP level 9. HP: 77/81 MP: 8/8
  6628 | D:6      | Reached skill level 1 in Shields
  7271 | D:7      | Found an oddly glowing altar of Pakellas.
  7275 | D:7      | Found a shattered altar of Ashenzari.
  7277 | D:7      | Found a shimmering altar of Xom.
  7281 | D:7      | Found a snail-covered altar of Cheibriados.
  7282 | D:7      | Found a stormy altar of Qazlal.
  7392 | D:7      | Found a shadowy altar of Dithmenos.
  7692 | D:8      | Identified the Grimoire of Venomous Creation
  7731 | D:8      | Reached ***** piety under Trog
  8123 | D:8      | Reached XP level 10. HP: 57/91 MP: 9/9
  8814 | D:9      | Found a staircase to the Lair.
  8865 | D:9      | Reached skill level 5 in Shields
  9235 | D:9      | Reached skill level 10 in Axes
  9528 | D:9      | Found a staircase to the Orcish Mines.
  9546 | D:9      | Received a gift from Trog
  9567 | D:9      | Reached skill level 10 in Fighting
  9836 | Lair:1   | Entered Level 1 of the Lair of Beasts
  9959 | Lair:1   | HP: 2/93 [komodo dragon (11)]
  9960 | Lair:1   | Annihilated by a komodo dragon

Skill      XL: |  1  2  3  4  5  6  7  8  9 10 |
---------------+-------------------------------+-----
Fighting       | 4 5 6 8 9 10 | 10.1
Axes           | 4 5 6 7 9 10 | 10.2
Dodging        | 3 4 5 6 7 9 |  9.0
Armour         | 3 4 5 7 8 9 |  9.5
Shields        | 4 6 |  6.1

Action                   |  1- 3 |  4- 6 |  7- 9 | 10-12 || total
-------------------------+-------+-------+-------+-------++-------
Melee: Hand axe          |   154 |   216 |   347 |   186 ||   903
       Headbutt          |    32 |    27 |    77 |    37 ||   173
Invok: Trog's Hand       |       |     2 |     4 |     1 ||     7
       Berserk           |       |     1 |     4 |     2 ||     7
       Burn Spellbooks   |       |       |       |     2 ||     2
 Stab: Confused          |       |       |       |     3 ||     3
       Distracted        |       |       |       |     1 ||     1
  Eat: Chunk             |     3 |     8 |    19 |     8 ||    38
Armor: Animal skin       |    18 |       |       |       ||    18
       Ring mail         |       |    98 |    26 |       ||   124
       Leather armour    |       |       |    97 |    38 ||   135
Dodge: Dodged            |    59 |   188 |   220 |    83 ||   550
Block: Buckler           |       |       |    21 |       ||    21
       Shield            |       |       |    37 |    73 ||   110
